[Event "Titled Tuesday Blitz October 31 Late 2023"]
[White "Ankerst, Mihael"]
[Black "Javakhadze, Zurab"]
[WhiteFideId "14602369"]
[BlackFideId "13603647"]
[WhiteElo "2438"]
[BlackElo "2782"]
[Result "0-1"]
[Round "4"]
[TimeControl "180+1"]
[Date "2023.10.31"]
[WhiteClock "0:00:00"]
[BlackClock "0:00:16"]
[Board "23"]

1. e4 c5 2. Nf3 d6 3. d4 cxd4 4. Nxd4 Nf6 5. Nc3 g6 6. f4 Nc6 7. Nxc6 bxc6 8. e5 Nd7 9. Bc4 Nb6 10. Bb3 Bg7 11. exd6 exd6 12. Qe2+ Qe7 13. Qxe7+ Kxe7 14. O-O Be6 15. Re1 Kd7 16. Be3 Rhe8 17. Rad1 Kc7 18. Kf2 Rab8 19. Bd4 Bxd4+ 20. Rxd4 c5 21. Rde4 c4 22. Ba4 Nxa4 23. Nxa4 d5 24. Re5 Kd6 25. c3 Bd7 26. b3 Bxa4 27. bxa4 Rxe5 28. fxe5+ Ke6 29. Re2 Rb1 30. g4 Rc1 31. Rb2 Rxc3 32. Rb7 d4 33. Rxa7 Rc2+ 34. Kf3 d3 35. Ke4 Re2+ 36. Kf3 Rxe5 37. Ra6+ Kd7 38. Ra7+ Kc6 39. Ra6+ Kc7 40. Ra7+ Kb6 41. Rd7 Ka5 42. Kf4 Re2 43. Kf3 Kxa4 44. Rd4 Kb4 45. g5 Rxa2 46. h4 Kc3 47. Rd7 Ra1 48. Ke3 Re1+ 49. Kf2 d2 0-1


[Site "https://www.chess.com"]

[Event "Titled Tuesday Blitz October 31 Late 2023"]
[White "Hakobyan, Aram"]
[Black "Likvidator228"]
[WhiteFideId "13306677"]
[WhiteElo "3056"]
[BlackElo "2548"]
[Result "1-0"]
[Round "4"]
[TimeControl "180+1"]
[Date "2023.10.31"]
[WhiteClock "0:00:41"]
[BlackClock "0:00:22"]
[Board "24"]

1. d4 d5 2. c4 e6 3. Nc3 c6 4. Nf3 dxc4 5. e4 b5 6. Be2 Bb4 7. O-O Nf6 8. Qc2 Bb7 9. Rd1 Nbd7 10. Bg5 h6 11. Bh4 Be7 12. Rab1 O-O 13. b3 cxb3 14. Rxb3 a6 15. e5 Nd5 16. Bxe7 Qxe7 17. Nxd5 cxd5 18. Bd3 Rfc8 19. Qe2 Nf8 20. Bb1 b4 21. g4 a5 22. g5 hxg5 23. h4 Ba6 24. Qd2 gxh4 25. Ng5 Rc3 26. Qf4 f6 27. Nf3 Be2 28. Re1 Rxf3 29. Rxf3 Bxf3 30. Qxf3 f5 31. Bxf5 exf5 32. Qxd5+ Qe6 33. Qxa8 h3 34. Qf3 g5 35. d5 Qg6 36. e6 g4 37. Qg3 Qe8 38. Qe5 Ng6 39. Qxf5 Kg7 40. e7 g3 41. fxg3 Nxe7 42. Qg5+ Kf7 43. Rf1+ 1-0


[Site "https://www.chess.com"]

[Event "Titled Tuesday Blitz October 31 Late 2023"]
[White "Colbow, Collin"]
[Black "Le, Quang Liem"]
[WhiteFideId "16201132"]
[BlackFideId "12401137"]
[WhiteElo "2615"]
[BlackElo "3041"]
[Result "0-1"]
[Round "4"]
[TimeControl "180+1"]
[Date "2023.10.31"]
[WhiteClock "0:00:00"]
[BlackClock "0:01:24"]
[Board "25"]

1. c4 Nf6 2. Nc3 c5 3. g3 g6 4. Bg2 Bg7 5. e4 Nc6 6. Nge2 d6 7. O-O O-O 8. d3 Rb8 9. a4 a6 10. h3 Ne8 11. Be3 Nc7 12. d4 cxd4 13. Nxd4 Ne6 14. Nde2 Nc5 15. Rb1 Be6 16. b4 Nd7 17. Nd5 Rc8 18. f4 a5 19. c5 Bxd5 20. exd5 Nxb4 21. cxd6 exd6 22. Nd4 Rc3 23. Rb3 Rxe3 24. Rxe3 Qb6 25. Re4 Nf6 26. Re2 Nfxd5 27. Rd2 Nc3 28. Qb3 Bxd4+ 29. Kh2 d5 30. f5 Be5 31. fxg6 Qxg6 32. Rf3 Ne4 33. Re2 Rc8 0-1


[Site "https://www.chess.com"]

[Event "Titled Tuesday Blitz October 31 Late 2023"]
[White "Paravyan, David"]
[Black "Krishnan, Varun"]
[WhiteFideId "4194985"]
[BlackFideId "5054508"]
[WhiteElo "3040"]
[BlackElo "2612"]
[Result "1-0"]
[Round "4"]
[TimeControl "180+1"]
[Date "2023.10.31"]
[WhiteClock "0:00:54"]
[BlackClock "0:00:21"]
[Board "26"]

1. e4 c5 2. Nf3 e6 3. d4 cxd4 4. Nxd4 Nf6 5. Nc3 Nc6 6. Nxc6 bxc6 7. e5 Nd5 8. Ne4 Qc7 9. f4 Qb6 10. c4 Ne3 11. Qd3 Nf5 12. Be2 Nd4 13. Bd2 Qxb2 14. Rb1 Nc2+ 15. Kf2 Qd4+ 16. Qxd4 Nxd4 17. Bd3 Be7 18. c5 O-O 19. Bc3 Nf5 20. g4 Nh6 21. Kg3 a5 22. a4 f5 23. exf6 gxf6 24. h3 f5 25. Nd6 Bxd6 26. cxd6 Ba6 27. Bxa6 Rxa6 28. Rb7 Raa8 29. Rxd7 Rab8 30. Rg7+ Kh8 31. Rg5+ e5 32. Bxe5+ 1-0


[Site "https://www.chess.com"]

[Event "Titled Tuesday Blitz October 31 Late 2023"]
[White "Terry, Renato"]
[Black "FoxOnTheRun97"]
[WhiteFideId "3803457"]
[WhiteElo "3011"]
[BlackElo "2609"]
[Result "1-0"]
[Round "4"]
[TimeControl "180+1"]
[Date "2023.10.31"]
[WhiteClock "0:00:07"]
[BlackClock "0:00:01"]
[Board "27"]

1. e4 c6 2. Nf3 d5 3. exd5 cxd5 4. Ne5 e6 5. d4 Nf6 6. c3 Nc6 7. Bd3 Nxe5 8. dxe5 Nd7 9. Bf4 Qb6 10. Qe2 Nc5 11. Bb5+ Bd7 12. Bxd7+ Nxd7 13. O-O Rc8 14. b4 Bxb4 15. Qg4 Bf8 16. Nd2 g6 17. c4 Bg7 18. cxd5 exd5 19. Rab1 Qe6 20. Qxe6+ fxe6 21. Rxb7 Bxe5 22. Bxe5 Nxe5 23. Re1 Nc4 24. Rxe6+ Kd8 25. Nf3 Re8 26. Rxe8+ Kxe8 27. g3 Nd6 28. Rxa7 h5 29. Rg7 Rc3 30. Rxg6 Ne4 31. Ne5 Rc1+ 32. Kg2 Rc2 33. Re6+ Kd8 34. Nd3 Rd2 35. Nf4 Rxf2+ 36. Kg1 Rxa2 37. Re5 Ra1+ 38. Kg2 Ra2+ 39. Kh3 Nf6 40. Re6 Ng4 41. Nxh5 Nxh2 42. Rd6+ Ke7 43. Rxd5 Nf3 44. Nf4 Ne1 45. Rb5 Kf6 46. Kg4 Ra3 47. Rf5+ Kg7 48. Rg5+ Kh7 49. Nd5 Nf3 50. Nf6+ Kh6 51. Ng8+ Kh7 52. Nf6+ Kh6 53. Rf5 Nh2+ 54. Kh3 Ng4 55. Nxg4+ Kg6 56. Rd5 Ra6 57. Nf2 Rb6 58. Nd3 Ra6 59. Nf4+ Kh6 60. Kg4 Ra7 61. Rd6+ Kg7 62. Kg5 Ra5+ 63. Nd5 Ra3 64. Rd7+ Kf8 65. g4 Ra4 66. Kf5 Ra5 67. g5 Ke8 68. Rd6 Kf7 69. g6+ Kg7 70. Rd7+ Kg8 71. Kg5 Ra1 72. Nf6+ Kf8 73. g7# 1-0


[Site "https://www.chess.com"]

[Event "Titled Tuesday Blitz October 31 Late 2023"]
[White "Karamsetty, Jeevan"]
[Black "Yoo, Christopher Woojin"]
[WhiteFideId "2025337"]
[BlackFideId "30909694"]
[WhiteElo "2602"]
[BlackElo "3000"]
[Result "0-1"]
[Round "4"]
[TimeControl "180+1"]
[Date "2023.10.31"]
[WhiteClock "0:00:00"]
[BlackClock "0:00:09"]
[Board "28"]

1. e4 c6 2. d4 d5 3. exd5 cxd5 4. Bd3 Nc6 5. c3 Qc7 6. Ne2 Bg4 7. O-O e6 8. Qe1 Nf6 9. f3 Bh5 10. Qh4 h6 11. Qh3 Bd6 12. Ng3 Bxg3 13. hxg3 O-O 14. g4 Bg6 15. Bxg6 fxg6 16. g5 hxg5 17. Qxe6+ Rf7 18. Bxg5 Re8 19. Qh3 Nh5 20. Nd2 Nf4 21. Bxf4 Qxf4 22. Rae1 Rfe7 23. Rxe7 Rxe7 24. Nb3 Qe3+ 25. Kh2 Kf7 26. Qg3 Re8 27. Qf2 Qf4+ 28. g3 Qh6+ 29. Kg1 Rh8 30. Qg2 Ne7 31. Re1 Qg5 32. Re5 Qf6 33. Nc5 b6 34. Ne6 Rh5 35. Rxh5 gxh5 36. Nf4 h4 37. Nd3 Nf5 38. Ne5+ Kg8 39. gxh4 Qxh4 40. Qg4 Qe1+ 41. Kh2 Qd2+ 42. Qg2 Qf4+ 43. Kg1 Qc1+ 44. Kh2 Qh6+ 45. Kg1 Qe3+ 46. Kh2 Qh6+ 47. Kg1 Nh4 48. Qe2 Qf4 49. Ng4 Nxf3+ 50. Kf2 Nxd4+ 0-1


[Site "https://www.chess.com"]

[Event "Titled Tuesday Blitz October 31 Late 2023"]
[White "Ibadov, Dashgyn"]
[Black "Oparin, Grigoriy"]
[WhiteFideId "24107514"]
[BlackFideId "24125890"]
[WhiteElo "2600"]
[BlackElo "2964"]
[Result "0-1"]
[Round "4"]
[TimeControl "180+1"]
[Date "2023.10.31"]
[WhiteClock "0:00:00"]
[BlackClock "0:01:39"]
[Board "29"]

1. e4 c5 2. Nf3 Nc6 3. Bb5 e5 4. O-O Bd6 5. c3 a6 6. Ba4 b5 7. Bc2 Nge7 8. d4 O-O 9. dxe5 Nxe5 10. Nxe5 Bxe5 11. f4 Bc7 12. Nd2 d5 13. Nf3 dxe4 14. Bxe4 Qxd1 15. Rxd1 Rb8 16. Be3 Bb6 17. a4 Bf5 18. Bxf5 Nxf5 19. Bf2 b4 20. a5 Ba7 21. Rd5 g6 22. g4 Nh6 23. h3 bxc3 24. bxc3 Rb3 25. Bxc5 Rb5 26. Bxa7 Rxd5 27. Bd4 Rb8 28. Ne5 Rb7 29. Kg2 f6 30. Nc6 Kf7 31. Bb6 Rbd7 32. Nd4 Ng8 33. Rd1 Ne7 34. c4 R5d6 35. Bc5 Nc6 36. Bxd6 Rxd6 37. Nxc6 Rxd1 38. Nb4 Ra1 39. Nxa6 Rxa5 40. Nc7 Rc5 41. Nb5 Ke7 42. Na3 Ra5 43. Nb5 Ra2+ 44. Kg3 Rc2 45. g5 fxg5 46. fxg5 Rxc4 47. h4 Rb4 48. Na7 Kd7 0-1


[Site "https://www.chess.com"]

[Event "Titled Tuesday Blitz October 31 Late 2023"]
[White "Daneshvar, Bardiya"]
[Black "Bartel, Michal"]
[WhiteFideId "12576468"]
[BlackFideId "1119257"]
[WhiteElo "2945"]
[BlackElo "2600"]
[Result "1-0"]
[Round "4"]
[TimeControl "180+1"]
[Date "2023.10.31"]
[WhiteClock "0:02:13"]
[BlackClock "0:01:38"]
[Board "30"]

1. b3 d5 2. Bb2 Bf5 3. d3 Nf6 4. Nd2 Nbd7 5. g3 e6 6. Bg2 Bc5 7. e4 Bg6 8. Nh3 c6 9. O-O O-O 10. Nf4 a5 11. e5 Ne8 12. d4 Be7 13. Nxg6 hxg6 14. c4 Nc7 15. h4 c5 16. h5 cxd4 17. hxg6 fxg6 18. cxd5 Nxe5 19. dxe6 Nxe6 20. Qe2 Qd6 21. Rae1 Bf6 22. Nc4 Nxc4 23. Qxc4 Rfe8 24. Bxb7 Rad8 25. Be4 Rc8 26. Qb5 Ng5 27. Bd5+ Kh7 28. Kg2 Rxe1 29. Rxe1 Nh3 30. Rh1 g5 31. Rxh3+ Kg6 32. Qd3# 1-0


[Site "https://www.chess.com"]

[Event "Titled Tuesday Blitz October 31 Late 2023"]
[White "Khismatullin, Denis"]
[Black "Roberson, Peter T"]
[WhiteFideId "4142578"]
[BlackFideId "412384"]
[WhiteElo "2933"]
[BlackElo "2599"]
[Result "1-0"]
[Round "4"]
[TimeControl "180+1"]
[Date "2023.10.31"]
[WhiteClock "0:01:39"]
[BlackClock "0:00:22"]
[Board "31"]

1. e4 e6 2. d4 d5 3. exd5 exd5 4. Nf3 Nf6 5. Bd3 Bd6 6. O-O O-O 7. Bg5 h6 8. Bh4 Bg4 9. Nbd2 Nbd7 10. c4 dxc4 11. Nxc4 Be7 12. Re1 Re8 13. Ne3 Bh5 14. Qb3 Bxf3 15. gxf3 Nh5 16. Bg3 Nb6 17. Bg6 Nxg3 18. Qxf7+ Kh8 19. Qxe8+ Qxe8 20. Bxe8 Rxe8 21. hxg3 Bf6 22. Rad1 Rd8 23. b3 Kg8 24. d5 Kf7 25. f4 Rd7 26. Kg2 Nc8 27. Nc4 Ne7 28. d6 cxd6 29. Nxd6+ Kg6 30. Ne8 Rc7 31. Nxc7 1-0


[Site "https://www.chess.com"]

[Event "Titled Tuesday Blitz October 31 Late 2023"]
[White "Sivakumar, Shaaketh"]
[Black "Ilamparthi A R"]
[WhiteFideId "30940176"]
[BlackFideId "45015775"]
[WhiteElo "2593"]
[BlackElo "2932"]
[Result "1/2-1/2"]
[Round "4"]
[TimeControl "180+1"]
[Date "2023.10.31"]
[WhiteClock "0:00:55"]
[BlackClock "0:00:06"]
[Board "32"]

1. e4 c5 2. Nf3 Nc6 3. Bb5 g6 4. O-O Bg7 5. Re1 e5 6. c3 Nge7 7. b3 O-O 8. Bb2 a6 9. Bf1 d5 10. exd5 Nxd5 11. c4 Nf4 12. Nxe5 Nxe5 13. Rxe5 Bxe5 14. Bxe5 Qg5 15. Bxf4 Qxf4 16. Nc3 Be6 17. g3 Qd4 18. Qf3 Qxd2 19. Ne4 Qd4 20. Rd1 Qg7 21. Nxc5 Bf5 22. Nxb7 h5 23. h3 Qe5 24. Rd5 Qa1 25. Rxf5 gxf5 26. Qxf5 Rae8 27. Nd6 Re5 28. Qf4 Re1 29. Kg2 Qe5 30. Qd2 Rd8 31. c5 h4 32. gxh4 Qg7+ 33. Qg5 Re5 34. Qxg7+ Kxg7 35. b4 a5 36. a3 axb4 37. axb4 Rb8 38. c6 Rxb4 39. c7 Rc5 40. c8=Q Rxc8 41. Nxc8 Rxh4 42. Nd6 Kf6 43. f3 Rd4 44. Ne4+ Kf5 45. Bb5 Kf4 46. Nf2 f5 47. h4 Rd2 48. Bd3 Ke3 49. Bxf5 Rxf2+ 50. Kg3 Rxf3+ 51. Kg4 Rf1 52. h5 Kd4 53. Kg5 Ke5 54. h6 Rxf5+ 55. Kg6 Rf1 56. h7 Rg1+ 57. Kf7 Rh1 58. Kg8 Rg1+ 59. Kf7 Rh1 60. Kg8 Rg1+ 61. Kf7 1/2-1/2


[Site "https://www.chess.com"]

[Event "Titled Tuesday Blitz October 31 Late 2023"]
[White "Skatchkov, Valery"]
[Black "Zhigalko, Sergei"]
[WhiteFideId "24195812"]
[BlackFideId "13502956"]
[WhiteElo "2588"]
[BlackElo "2905"]
[Result "0-1"]
[Round "4"]
[TimeControl "180+1"]
[Date "2023.10.31"]
[WhiteClock "0:00:50"]
[BlackClock "0:00:03"]
[Board "33"]

1. d4 Nf6 2. c4 e6 3. g3 c5 4. d5 exd5 5. cxd5 d6 6. Bg2 g6 7. Nc3 Bg7 8. Nf3 O-O 9. O-O Re8 10. Bf4 a6 11. a4 Nh5 12. Bg5 Qc7 13. Qd2 Nd7 14. g4 Nhf6 15. h3 Rb8 16. Rac1 h5 17. Nh2 hxg4 18. hxg4 Ne5 19. f3 b5 20. axb5 axb5 21. b3 b4 22. Na4 Ba6 23. Nb2 Nh7 24. Bf4 g5 25. Bg3 Ng6 26. Nc4 Bxc4 27. Rxc4 Qe7 28. Re1 Bc3 29. Rxc3 bxc3 30. Qxc3 Nf4 31. e3 Nxd5 32. Qd3 Nb4 33. Qxd6 Qxd6 34. Bxd6 Rbd8 35. Bc7 Rc8 36. Bg3 Nc2 37. Rc1 Nxe3 38. Bf2 Rb8 39. Nf1 Nxg2 40. Kxg2 Rec8 41. Rc3 Nf8 42. Ng3 Ne6 43. Ne4 Rc6 44. Bg3 Rd8 45. Nf6+ Kg7 46. Be5 Kg6 47. Ne4 Nf4+ 48. Kh2 Rd5 49. Bb8 Ne2 50. Rc4 Nd4 51. b4 Nxf3+ 52. Kg3 Ne5 53. Rxc5 Rcxc5 54. bxc5 Rd3+ 55. Kg2 Nxg4 56. c6 Ne3+ 57. Kf2 Nd5 58. c7 Nb6 59. Ke2 Rd5 60. Ke3 Nc8 61. Nc3 Rd6 62. Nb5 Re6+ 63. Kd4 g4 64. Kd5 Re8 65. Na7 Nxa7 66. Bxa7 g3 67. Kd6 g2 68. Kd7 Ra8 69. Bb8 g1=Q 70. c8=Q Qg4+ 0-1


[Site "https://www.chess.com"]

[Event "Titled Tuesday Blitz October 31 Late 2023"]
[White "Ordekalog"]
[Black "Kovalev, Vladislav"]
[BlackFideId "13504398"]
[WhiteElo "2584"]
[BlackElo "2899"]
[Result "0-1"]
[Round "4"]
[TimeControl "180+1"]
[Date "2023.10.31"]
[WhiteClock "0:00:00"]
[BlackClock "0:00:07"]
[Board "34"]

1. e4 e5 2. Nf3 Nc6 3. Bb5 a6 4. Bxc6 dxc6 5. O-O Bd6 6. d4 exd4 7. Qxd4 f6 8. Nbd2 Be6 9. Qc3 Ne7 10. Nc4 Bxc4 11. Qxc4 Qd7 12. Re1 Ng6 13. a4 O-O-O 14. b4 Rhe8 15. Rb1 Qe6 16. Qb3 Ne5 17. Nxe5 Qxe5 18. g3 Qd4 19. b5 axb5 20. axb5 Rxe4 21. Be3 Qc4 22. bxc6 Qxb3 23. cxb3 bxc6 24. Rbc1 Kd7 25. Red1 Rb8 26. Rd3 g5 27. h3 h5 28. Kg2 Reb4 29. Rcc3 R8b5 30. Bc1 Rd5 31. Rf3 Be5 32. Rc4 Rxc4 33. bxc4 Rc5 34. Rd3+ Ke6 35. f4 Rxc4 36. fxe5 Rxc1 37. exf6 Kxf6 38. Rd7 Rc2+ 39. Kf3 Rc3+ 40. Kf2 h4 41. gxh4 gxh4 42. Rxc7 c5 43. Kg2 Rg3+ 44. Kf2 Rc3 45. Kg2 Ke5 46. Rh7 Rc4 47. Rh5+ Kd6 48. Kf3 Ra4 49. Ke3 Ra3+ 50. Ke4 Rxh3 51. Rh6+ Kc7 52. Kd5 Rh1 53. Kxc5 h3 54. Rh7+ Kd8 55. Kd6 Ke8 56. Ke6 Kf8 57. Kf6 Kg8 58. Rh4 h2 59. Rg4+ Kf8 60. Rf4 Rg1 0-1


[Site "https://www.chess.com"]

[Event "Titled Tuesday Blitz October 31 Late 2023"]
[White "Mikaelyan, Arman"]
[Black "Karttunen, Mika"]
[WhiteFideId "13304852"]
[BlackFideId "502081"]
[WhiteElo "2885"]
[BlackElo "2583"]
[Result "0-1"]
[Round "4"]
[TimeControl "180+1"]
[Date "2023.10.31"]
[WhiteClock "0:00:13"]
[BlackClock "0:00:21"]
[Board "35"]

1. d4 d5 2. Nf3 Nf6 3. c4 e6 4. g3 Bb4+ 5. Bd2 a5 6. Bg2 dxc4 7. O-O Bxd2 8. Nbxd2 b5 9. a4 c6 10. Ne5 Ra6 11. b3 Qxd4 12. Nef3 Qd8 13. bxc4 b4 14. c5 O-O 15. Nc4 Qxd1 16. Rfxd1 Nbd7 17. Nd4 Nxc5 18. Nxc6 Bd7 19. N6xa5 Bxa4 20. Rdb1 Rb8 21. Nb7 Bb5 22. Nca5 Nxb7 23. Bxb7 Ra7 24. Bf3 Be8 25. Nb3 Rxa1 26. Rxa1 Kf8 27. Ra7 Nd5 28. Kg2 Nc3 29. Rc7 Ba4 30. Nd2 Nd5 31. Ra7 Bc2 32. e4 Nc3 33. Rc7 Bd3 34. e5 Nd5 35. Bxd5 exd5 36. Nb3 Bc4 37. Nc5 Ke8 38. e6 fxe6 39. Nxe6 Rb6 40. Nd4 Kf8 41. Ra7 b3 42. Ra8+ Kf7 43. Ra7+ Kf6 44. Nxb3 Bxb3 45. f4 d4 46. Kf3 Bd5+ 47. Ke2 Be4 48. Ra2 Rc6 49. Kd2 Rb6 50. Ke2 Rd6 51. Kd2 h5 52. Ra5 Rd5 53. Ra6+ Kf5 54. Ra7 g6 55. Rg7 Rc5 56. Rf7+ Ke6 57. Rd7 Rc2+ 58. Kd1 d3 59. Rd4 Bf5 60. Ke1 Rxh2 61. Rd8 Rg2 62. Kf1 Rxg3 63. Kf2 Rg4 64. Kf3 Rh4 65. Re8+ Kd5 66. Re1 Kd4 67. Re8 Rh2 68. Rd8+ Kc3 69. Rc8+ Kd2 70. Re8 Re2 71. Ra8 Re3+ 72. Kf2 Re4 73. Ra2+ Kc3 74. Kg3 d2 75. Ra3+ Kb4 76. Rd3 Re3+ 77. Rxe3 d1=Q 78. Re8 Qd3+ 79. Kh2 Qd2+ 80. Kg3 h4+ 81. Kf3 Qd3+ 82. Kf2 Qg3+ 83. Kf1 Qxf4+ 84. Kg2 Qg4+ 85. Kh2 Qg3+ 86. Kh1 Qf3+ 87. Kh2 Qf4+ 88. Kh1 Be4+ 89. Kg1 Qg3+ 90. Kf1 Bd3+ 91. Re2 Bxe2+ 92. Kxe2 0-1


[Site "https://www.chess.com"]

[Event "Titled Tuesday Blitz October 31 Late 2023"]
[White "Kochiev, Ivan"]
[Black "Vasquez Schroeder, Rodrigo"]
[WhiteFideId "2917890"]
[BlackFideId "3400042"]
[WhiteElo "2581"]
[BlackElo "2884"]
[Result "0-1"]
[Round "4"]
[TimeControl "180+1"]
[Date "2023.10.31"]
[WhiteClock "0:00:03"]
[BlackClock "0:00:41"]
[Board "36"]

1. e4 c5 2. Nf3 d6 3. d4 cxd4 4. Nxd4 Nf6 5. f3 e6 6. c4 Be7 7. Nc3 O-O 8. Nc2 b6 9. Be3 Bb7 10. Be2 Nc6 11. O-O Rc8 12. Qd2 Qd7 13. Rfd1 Rfd8 14. Rac1 Qc7 15. b3 Qb8 16. Nd4 Ne5 17. h3 a6 18. f4 Ned7 19. Bf3 Nc5 20. Qc2 Qa8 21. e5 dxe5 22. fxe5 Nfe4 23. Nxe4 Nxe4 24. Ne2 Bc5 25. Bxc5 Nxc5 26. Bxb7 Qxb7 27. Rxd8+ Rxd8 28. Rd1 Rxd1+ 29. Qxd1 Qc7 30. Qd4 Nd7 31. Qd6 Qxd6 32. exd6 Kf8 33. Nd4 Ne5 34. Nf3 Nc6 35. a3 a5 36. Ne1 Ke8 37. Nd3 Kd7 38. c5 bxc5 39. Nxc5+ Kxd6 40. Nb7+ Kd5 41. Kf2 e5 42. Ke3 f5 43. g3 g5 44. h4 gxh4 45. gxh4 f4+ 46. Kf3 Nd4+ 47. Kf2 Nxb3 0-1


[Site "https://www.chess.com"]

[Event "Titled Tuesday Blitz October 31 Late 2023"]
[White "Quesada Perez, Yasser"]
[Black "Kashefi, Amir Hosein"]
[WhiteFideId "3509362"]
[BlackFideId "12557935"]
[WhiteElo "2876"]
[BlackElo "2577"]
[Result "0-1"]
[Round "4"]
[TimeControl "180+1"]
[Date "2023.10.31"]
[WhiteClock "0:00:08"]
[BlackClock "0:00:03"]
[Board "37"]

1. d4 d5 2. Nf3 Nf6 3. g3 c6 4. Bg2 Bf5 5. Nh4 Bg6 6. c4 e6 7. Nc3 Nbd7 8. Qb3 Qb6 9. c5 Qxb3 10. axb3 a6 11. b4 Rc8 12. h3 Be7 13. Nxg6 hxg6 14. g4 e5 15. e3 Bd8 16. f4 exd4 17. exd4 Bc7 18. Kf2 Kf8 19. Bf3 Re8 20. g5 Nh5 21. Bg4 Re7 22. b5 axb5 23. Ra8+ Nb8 24. Kf3 Kg8 25. Bd2 Kh7 26. Ra7 Bd8 27. Re1 Rhe8 28. Re5 f6 29. Rxe7 Rxe7 30. Bc8 fxg5 31. fxg5 Rf7+ 32. Ke2 Ng3+ 33. Kd1 Na6 34. Rxb7 Rf1+ 35. Kc2 Rf2 36. Kd1 Nb4 37. Be1 Rg2 38. Nxb5 Nd3 39. Bxg3 Nxb2+ 40. Ke1 Rxg3 41. Nd6 Nd3+ 42. Ke2 Bxg5 43. Ne8 Nc1+ 44. Kf2 Rxh3 45. Nxg7 Rb3 46. Rc7 Bf4 47. Rf7 Kg8 48. Be6 Be3+ 49. Kg2 Rb2+ 50. Kg3 Ne2+ 51. Kg4 Nxd4 52. Re7+ Nxe6 53. Nxe6 Rf2 54. Rg7+ Kh8 55. Rc7 Rf6 56. Rxc6 d4 57. Rc8+ Kh7 58. Nf8+ Kg7 59. Nd7 Rf4+ 60. Kg3 Rf7 61. c6 d3 62. Rd8 d2 63. Nb8 Bf4+ 64. Kg4 Bxb8 65. Rxd2 Bc7 66. Rd5 Rf4+ 67. Kg3 Rf7+ 68. Kg4 Rf4+ 69. Kh3 Rf7 70. Kg2 Kf8 71. Rd4 Re7 72. Rd5 Kg7 73. Kf1 Be5 74. Kg2 Bc7 75. Rd4 Kf6 76. Rd5 Re6 77. Rc5 Ke7 78. Kf3 Kd6 79. Rc2 Kd5 80. Kg4 Rxc6 81. Rd2+ Ke6 82. Kg5 Kf7 83. Rd7+ Ke8 84. Rh7 Bd8+ 85. Kh6 g5+ 86. Kh5 Rc4 87. Kg6 Rc6+ 88. Kf5 Be7 89. Rg7 Kd7 90. Rh7 Rc5+ 91. Kg4 Ke6 92. Rh6+ Bf6 93. Rh7 Rc4+ 94. Kf3 Rf4+ 95. Kg3 Kf5 96. Rf7 Ra4 97. Rb7 Ra3+ 98. Kg2 Be5 99. Rb5 Ke4 100. Rb4+ Bd4 101. Rb8 g4 102. Re8+ Kf5 103. Rf8+ Bf6 104. Rb8 Be5 105. Rf8+ Ke4 106. Kf2 Ra2+ 107. Kg1 Bf4 108. Re8+ Kf3 109. Re1 Rg2+ 110. Kh1 Rh2+ 111. Kg1 Rf2 112. Kh1 g3 113. Kg1 Be3 114. Kh1 Rh2# 0-1


[Site "https://www.chess.com"]

[Event "Titled Tuesday Blitz October 31 Late 2023"]
[White "Gokerkan, Cem Kaan"]
[Black "Shapiro, Viktor"]
[WhiteFideId "6336760"]
[BlackFideId "4175700"]
[WhiteElo "2856"]
[BlackElo "2573"]
[Result "1-0"]
[Round "4"]
[TimeControl "180+1"]
[Date "2023.10.31"]
[WhiteClock "0:00:52"]
[BlackClock "0:00:25"]
[Board "38"]

1. e4 Nf6 2. e5 Nd5 3. d4 d6 4. Nf3 Bg4 5. h3 Bh5 6. exd6 cxd6 7. c4 Nb6 8. Nc3 e6 9. b3 Be7 10. Be2 O-O 11. O-O d5 12. c5 Bxf3 13. Bxf3 Nc8 14. b4 Nc6 15. b5 Na5 16. Qd3 Bf6 17. Bf4 Ne7 18. Ne2 Nf5 19. Rac1 Rc8 20. Rfd1 g6 21. Bg4 Ne7 22. Bh6 Re8 23. Qf3 Nf5 24. Bxf5 exf5 25. Nc3 Re4 26. Nxe4 dxe4 27. Qa3 b6 28. d5 bxc5 29. Rxc5 Rxc5 30. Qxc5 Nb7 31. Qxa7 Nd6 32. b6 Be5 33. b7 Nc4 34. Qa8 1-0


[Site "https://www.chess.com"]

[Event "Titled Tuesday Blitz October 31 Late 2023"]
[White "Sanchez Alvares, Kelvin Antonio"]
[Black "Nazari, Arad"]
[WhiteFideId "3906680"]
[BlackFideId "12577324"]
[WhiteElo "2572"]
[BlackElo "2845"]
[Result "1-0"]
[Round "4"]
[TimeControl "180+1"]
[Date "2023.10.31"]
[WhiteClock "0:00:09"]
[BlackClock "0:00:06"]
[Board "39"]

1. e4 c5 2. Nf3 d6 3. d4 cxd4 4. Nxd4 Nf6 5. Nc3 a6 6. Bg5 Nbd7 7. f4 Qc7 8. Qf3 b5 9. Bd3 Qb6 10. Nb3 Bb7 11. a4 b4 12. a5 Qc7 13. Ne2 h6 14. Bh4 g5 15. fxg5 Ne5 16. Qe3 Nfg4 17. Qb6 Qxb6 18. axb6 Ng6 19. Bf2 Nxf2 20. Kxf2 hxg5 21. Na5 Rb8 22. Nxb7 Rxb7 23. Rxa6 e6 24. Bb5+ Ke7 25. Ra7 Rxa7 26. bxa7 Bg7 27. Ra1 Bxb2 28. a8=Q Rxa8 29. Rxa8 Ne5 30. Ra4 Ng4+ 31. Kf3 Nxh2+ 32. Kg3 Be5+ 33. Kf2 Ng4+ 34. Kf3 Nh2+ 35. Ke3 Ng4+ 36. Kd2 f5 37. exf5 exf5 38. Rxb4 f4 39. Bc6 Ne3 40. c4 g4 41. Kd3 Kf6 42. Be4 Nd1 43. Kd2 Ne3 44. Bd5 Nf1+ 45. Kd3 Ne3 46. Rb8 Kg5 47. g3 Nd1 48. gxf4+ Bxf4 49. Rg8+ Kf5 50. Rf8+ Ke5 51. Nxf4 g3 52. Ne2 Nf2+ 53. Ke3 Nd1+ 54. Kf3 g2 55. Kxg2 Ne3+ 56. Kf3 Nf1 57. Re8+ Kf5 58. Ng3+ 1-0


[Site "https://www.chess.com"]

[Event "Titled Tuesday Blitz October 31 Late 2023"]
[White "Kamsky, Gata"]
[Black "Jaskolka, Tomasz"]
[WhiteFideId "2000024"]
[BlackFideId "1170791"]
[WhiteElo "2832"]
[BlackElo "2568"]
[Result "1-0"]
[Round "4"]
[TimeControl "180+1"]
[Date "2023.10.31"]
[WhiteClock "0:01:00"]
[BlackClock "0:00:19"]
[Board "40"]

1. d4 d5 2. Bf4 Nf6 3. e3 e6 4. Nf3 c5 5. c3 Bd6 6. Bb5+ Nc6 7. Bg3 Ne4 8. Nbd2 Nxd2 9. Qxd2 Bxg3 10. hxg3 Bd7 11. dxc5 Ne5 12. Bxd7+ Nxd7 13. Qd4 f6 14. b4 Qe7 15. e4 dxe4 16. Qxe4 Nf8 17. O-O-O a5 18. Kb2 axb4 19. cxb4 Rb8 20. Nd4 Kf7 21. Nb5 f5 22. Qd4 Qf6 23. Nd6+ Ke7 24. Rhe1 Qxd4+ 25. Rxd4 g6 26. a4 Nd7 27. a5 Rhd8 28. Nc4 Nf6 29. Rxd8 Rxd8 30. Nd6 Nd5 31. Kb3 Rb8 32. Kc4 b6 33. axb6 Nxb6+ 34. cxb6 Kxd6 35. Kb5 e5 36. Rd1+ Ke6 37. Rc1 e4 38. Rc7 g5 39. b7 f4 40. gxf4 gxf4 41. Kb6 e3 42. fxe3 fxe3 43. Rc8 e2 44. Rxb8 Kf7 45. Re8 1-0


[Site "https://www.chess.com"]

[Event "Titled Tuesday Blitz October 31 Late 2023"]
[White "Zakhartsov, Vladimir"]
[Black "Przybylski, Wojciech"]
[WhiteFideId "4145097"]
[BlackFideId "1117599"]
[WhiteElo "2825"]
[BlackElo "2565"]
[Result "1-0"]
[Round "4"]
[TimeControl "180+1"]
[Date "2023.10.31"]
[WhiteClock "0:00:13"]
[BlackClock "0:00:04"]
[Board "41"]

1. e4 c6 2. d4 d5 3. Nc3 dxe4 4. Nxe4 Nf6 5. Nxf6+ exf6 6. c3 Bd6 7. Bd3 O-O 8. Ne2 Re8 9. Qc2 g6 10. Bh6 Nd7 11. h4 f5 12. h5 Nf6 13. Bg5 Be6 14. O-O-O Be7 15. hxg6 fxg6 16. Kb1 Qa5 17. Nc1 b5 18. Rde1 Bd8 19. Nb3 Qc7 20. Nc5 Bf7 21. Qd2 Be7 22. Bf4 Qd8 23. Be5 Bxc5 24. Bxf6 Qxf6 25. dxc5 Rad8 26. Rxe8+ Rxe8 27. Qh6 Qg7 28. Qxg7+ Kxg7 29. b4 h5 30. Kc2 Kf6 31. Ra1 Bd5 32. f3 h4 33. a4 a6 34. axb5 axb5 35. Ra6 Ke5 36. Ra7 g5 37. Kd2 Kf4 38. Rh7 Kg3 39. Rg7 g4 40. Bxf5 Kxg2 41. Rxg4+ Kf2 42. Rxh4 Bxf3 43. Bd3 Rd8 44. Rf4 Kg3 45. Rf6 Ra8 46. Ke3 Re8+ 47. Kd4 Rd8+ 48. Rd6 Rf8 49. Ke5 Re8+ 50. Re6 Rd8 51. Be4 Bxe4 52. Kxe4 Rc8 53. Ke5 Kf3 54. Kd6 Ra8 55. Kxc6 Ra3 56. Kxb5 Rxc3 57. c6 Kf4 58. Kb6 Kf5 59. Re8 Rc4 60. b5 Kf6 61. c7 Kf7 62. c8=Q 1-0


[Site "https://www.chess.com"]

[Event "Titled Tuesday Blitz October 31 Late 2023"]
[White "Blomqvist, Erik"]
[Black "Pakleza, Zbigniew"]
[WhiteFideId "1709437"]
[BlackFideId "1119290"]
[WhiteElo "2564"]
[BlackElo "2818"]
[Result "0-1"]
[Round "4"]
[TimeControl "180+1"]
[Date "2023.10.31"]
[WhiteClock "0:00:04"]
[BlackClock "0:00:50"]
[Board "42"]

1. e4 d6 2. d4 Nf6 3. Nc3 c6 4. Nf3 Bg4 5. h3 Bh5 6. Bd3 e6 7. Be3 d5 8. e5 Nfd7 9. g4 Bg6 10. Bxg6 hxg6 11. Ne2 c5 12. c3 Nc6 13. Kf1 Qb6 14. Rb1 Be7 15. Kg2 cxd4 16. cxd4 O-O-O 17. b4 Kb8 18. Nc3 f6 19. Qe2 fxe5 20. dxe5 d4 21. Na4 Qc7 22. Bf4 d3 23. Qe4 Nb6 24. Nxb6 Qxb6 25. Rhd1 g5 26. Bxg5 Bxg5 27. Nxg5 Rd4 28. Qe3 Nxb4 29. Nxe6 Qc6+ 30. Qf3 Qxe6 0-1


[Site "https://www.chess.com"]